cohdb
Replays
Latest Replays
All Replays
Popular Replays
Top Player Replays
Match Explorer
How It Works
Community
CoH3 Stats
Reddit
Sign in to upload your games and track your stats! →
Sign in with Steam
Match 43255788
Unlisted
Match 43255788
Overview
Messages
Build Orders
End
Kradschützen Motorcycle Team
Panzergrenadier Squad
Panzergrenadier Squad
Construct Light Support Kompanie
Selects Panzerjäger Kommand Battlegroup
Selects Panzerjäger Kommand Battlegroup
Selects Mine Fields
2.5-tonne Medical Truck
Fire Support Elements
Panzergrenadier Squad
Veteran Squad Leaders
le.IG 18 Mechanized Group
Kradschützen Motorcycle Team
Construct Panzerarmee Kommand
Selects Tank Busters
Selects Crew Shock Tactics
Walking Stuka Rocket Launcher
Panzergrenadier Squad
Assault Mechanized Group
dkluan92
THF-D8
HELP ME
Amiya
B1t
SkyCurv
100%eighty
okinawa
0
0
Comments
sign in to comment!
No comments posted yet!